 Dungeon Crawl Stone Soup version 0.17.3-4-g93a25c67f4 (webtiles) character file.

16211 OssuaryOsiris the Martial Artist (level 12, -10/95 HPs)
             Began as a Mummy Monk on Feb 28, 2024.
             Mangled by a blue devil (18 damage)
             ... in an ice cave.
             The game lasted 00:35:25 (26823 turns).

OssuaryOsiris the Martial Artist (Mummy Monk)      Turns: 26823, Time: 00:35:25

Health: -10/95     AC:  5    Str: 19    XL:     12   Next: 8%
Magic:  12/12      EV: 19    Int:  9    God:
Gold:   658        SH: 12    Dex: 23    Spells: 0 memorised, 11 levels left

rFire  x . .     SeeInvis .       - Unarmed
rCold  + + +     Clarity  .     (no armour)
rNeg   + + +     SustAt   .     r - +0 shield
rPois  ∞         Gourm    .     D - +2 hat {rC+}
rElec  .         Spirit   .     C - +2 cloak {rC+}
rCorr  .         Warding  .     (no gloves)
rMut   .         Stasis   .     (no boots)
MR     +....                    (no amulet)
Stlth  ++........               k - +5 ring of strength
                                B - +3 ring of dexterity

@: somewhat resistant to hostile enchantments, unstealthy
A: no food or potions, fire vulnerability, cold resistance 1, negative energy
resistance 3, torment resistance, unbreathing
a: no special abilities


You were in an ice cave.
You were not hungry.

You visited 3 branches of the dungeon, and saw 13 of its levels.
You also visited: Ice Cave and Volcano.

You collected 658 gold pieces.


Innate Abilities, Weirdness & Mutations

You do not eat or drink.
Your flesh is vulnerable to fire.
You are immune to poison.
Your flesh is cold resistant.
You are immune to negative energy.
You are immune to unholy pain and torment.
You can survive without breathing.


   Skills:
 - Level 9.0 Fighting
 + Level 8.3 Dodging
 - Level 1.5 Stealth
 - Level 7.7 Shields
 - Level 11.0 Unarmed Combat


You had 11 spell levels left.
You didn't know any spells.

Inventory:

Hand Weapons
 f - a +0 scythe {!w}
Armour
 h - a +2 cloak
 i - a +2 hat of magic resistance
 r - a +0 shield (worn)
 C - a +2 cloak of cold resistance (worn)
 D - a +2 hat of cold resistance (worn)
Jewellery
 a - an uncursed ring of protection from magic
 c - a +1 ring of protection
 e - an uncursed ring of protection from fire
 k - a +5 ring of strength (right hand)
 l - an uncursed ring of see invisible
 n - an uncursed ring of stealth
 s - an uncursed amulet of resist corrosion {unknown}
 t - an uncursed ring of teleportation
 x - an uncursed ring of positive energy
 z - an uncursed ring of protection from fire
 B - a +3 ring of dexterity (left hand)
Scrolls
 d - a scroll of amnesia
 g - 2 scrolls of recharging
 j - 3 scrolls of fog
 m - 4 scrolls of magic mapping
 o - a scroll of identify {@r1}
 p - a scroll of enchant armour
 q - 3 scrolls of noise {!r}
 u - a scroll of remove curse
 v - a scroll of blinking {!r}
 y - a scroll of torment
Comestibles
 w - 4 fruits (quivered)

Dungeon Overview and Level Annotations

Branches:
Dungeon (10/15)            Temple (1/1) D:7            Lair (2/8) D:9
    Orc: D:9-12

Altars:
Fedhas
Gozag
Kikubaaqudgha
Makhleb
Okawaru
Sif Muna
Trog
Xom
Yredelemnul
Zin
The Shining One

Shops:
D:7 *   D:8 (

Annotations:
D:10 exclusions: centaur, cyclops, door and hound

..▒▒ ###▒#.... ▒▒▒ ..▒▒
##.▒....#▒..▒▒▒ #..▒
▒▒##▒..▒▒▒.....▒▒ .#.▒ ▒
...▒.......4...▒▒ ..▒▒ 4.
▒▒......▒▒.##....▒ .▒▒ ...
▒▒▒......▒▒..##.4.▒▒ ▒▒
4...▒##......▒..###..▒▒ .▒▒
▒.....▒▒4.▒▒▒▒#..##.▒▒ ..▒
▒▒....▒▒M.......#▒▒▒ ..▒▒▒▒
▒##...4...#.▒▒▒ ...▒.▒▒▒
▒▒▒▒.......▒▒ .......▒▒▒
▒▒▒▒▒▒...▒▒▒ .........▒▒▒▒
▒▒▒...▒▒
............▒▒▒▒▒▒▒▒▒▒▒.3.▒▒
.3.....▒.........▒▒...▒▒...▒▒
......▒▒▒.▒............▒▒▒..▒
.....▒▒ ▒▒▒▒▒▒..▒▒.....▒▒...▒


You could see 2 blue devils.


Message History

The blue devil hits you but does no damage!
The blue devil hits your white imp!!!
Your white imp dies!!!
Your ufetubus hits the blue devil but does no damage!
Your ufetubus barely misses the blue devil!
You pulverise the blue devil but do no damage!
The blue devil is severely wounded!
Your ufetubus hits the blue devil but does no damage!
Your ufetubus completely misses the blue devil!
Your ufetubus closely misses the blue devil!
Your ufetubus misses the blue devil! You block the blue devil's attack!
Unknown command!
Your ufetubus hits the blue devil but does no damage! x3
Your ufetubus closely misses the blue devil!
The blue devil hits your ufetubus!!!
Your ufetubus dies!!!
The blue devil hits your ufetubus!!!!!!
Your ufetubus dies!!!
You pulverise the blue devil!!!
You annihilate the blue devil!!!
The blue devil swoops through the air toward you!!!
The blue devil hits you!!! * * * don't die
* * * The blue devil closely misses you!
You take 10 damage, and have 8/95 hp!
You barely miss the blue devil! You block the blue devil's attack!
You squash the blue devil like an ant!!!!!!
The blue devil is heavily wounded!
The blue devil hits you!!!!!! rip

Action                   |  1- 3 |  4- 6 |  7- 9 | 10-12 || total
-------------------------+-------+-------+-------+-------++-------
Melee: Unarmed           |   214 |   333 |   579 |  1063 ||  2189
  Use: Scroll            |       |       |    12 |    12 ||    24
 Stab: Sleeping          |     4 |     4 |     7 |     3 ||    18
       Distracted        |     1 |       |     1 |     2 ||     4

Vault maps used:
D:1:      minmay_arrival_plants_in_alcoves
D:3:      kennysheep_goblin_castle, uniq_jessica
D:4:      zin_academy, uniq_duvessa
D:5:      marbit_many_paths, gammafunk_temple_overflow_claw,
          kiku_gazebo_garden_becter, first_bread, uniq_menkaure, uniq_sigmund
D:6:      kennysheep_mini_moat, basic_altar, uniq_edmund
D:7:      lemuel_round_altar, minmay_temple_entry_nine_rooms,
          nicolae_gozag_zags_fifth_avenue
D:8:      nicolae_overflow_hidden_temple, serial_shops, shop_statue
D:9:      lemuel_round_altar, old_standard_altar, erik_lair_orcish_takeover,
          uniq_pikel
D:10:     minmay_opposing_rooms, blue_anna_alchemist
Temple:   minmay_temple_curvy_8
Lair:1:   enter_volcano_1
Lair:2:   portal_ice_cave_entry_pillars_02, serial_bayou_ford_a, uniq_gastronok
IceCv:    ice_cave_small_demon
Volcano:  volcano_bunker

Notes
Turn   | Place    | Note
--------------------------------------------------------------
     0 | D:1      | OssuaryOsiris the Mummy Monk began the quest for the Orb.
     0 | D:1      | Reached XP level 1. HP: 18/18 MP: 1/1
   349 | D:1      | Reached XP level 2. HP: 21/24 MP: 2/2
   980 | D:1      | Reached skill level 4 in Unarmed Combat
  1468 | D:1      | Reached XP level 3. HP: 26/29 MP: 3/3
  2838 | D:2      | Reached XP level 4. HP: 20/35 MP: 4/4
  3349 | D:3      | Noticed Jessica
  3367 | D:3      | Killed Jessica
  3367 | D:3      | Reached skill level 5 in Unarmed Combat
  3927 | D:3      | Reached XP level 5. HP: 31/42 MP: 5/5
  4080 | D:3      | Reached skill level 4 in Fighting
  5295 | D:3      | Noticed Ijyb
  5372 | D:3      | Killed Ijyb
  5373 | D:3      | Reached XP level 6. HP: 46/50 MP: 6/6
  5551 | D:3      | Reached skill level 5 in Fighting
  6149 | D:4      | Reached skill level 3 in Dodging
  6929 | D:4      | Noticed Dowan
  7122 | D:4      | Found a glowing silver altar of Zin.
  7122 | D:4      | Noticed Duvessa
  7204 | D:5      | Entered Level 5 of the Dungeon
  7255 | D:5      | Found an ancient bone altar of Kikubaaqudgha.
  7459 | D:5      | Noticed Menkaure
  7499 | D:5      | Reached skill level 6 in Unarmed Combat
  7499 | D:5      | Reached XP level 7. HP: 25/56 MP: 7/7
  8043 | D:5      | Found a deep blue altar of Sif Muna.
  8043 | D:5      | Found an opulent altar of Gozag.
  8043 | D:5      | Found a basalt altar of Yredelemnul.
  8053 | D:5      | Noticed Sigmund
  8840 | D:5      | Reached skill level 6 in Fighting
  9027 | D:5      | Found a bloodstained altar of Trog.
  9524 | D:5      | Killed Sigmund
 10007 | D:5      | Reached XP level 8. HP: 54/64 MP: 8/8
 10088 | D:5      | Killed Menkaure
 10088 | D:5      | Reached skill level 7 in Unarmed Combat
 10331 | D:6      | Noticed Edmund
 10981 | D:5      | Reached skill level 7 in Fighting
 11135 | D:6      | Found a blossoming altar of Fedhas.
 11577 | D:6      | Found a glowing silver altar of Zin.
 11878 | D:6      | Reached skill level 8 in Unarmed Combat
 12508 | D:4      | Killed Duvessa
 12532 | D:4      | Killed Dowan
 12532 | D:4      | Reached skill level 8 in Fighting
 13139 | D:6      | Killed Edmund
 13139 | D:6      | Reached XP level 9. HP: 53/74 MP: 9/9
 13358 | D:6      | Found a blossoming altar of Fedhas.
 13376 | D:6      | Reached skill level 4 in Dodging
 13452 | D:6      | Found a glowing silver altar of Zin.
 13982 | D:7      | Found an opulent altar of Gozag.
 13987 | D:7      | Found Gozag's Platinum Reserve.
 14262 | D:7      | HP: 5/74 [killer bee (9)]
 14606 | D:7      | HP: 6/74 [acid (9)]
 15163 | D:7      | Reached skill level 9 in Unarmed Combat
 15409 | D:7      | Found a burning altar of Makhleb.
 15534 | D:7      | Reached skill level 9 in Fighting
 15799 | D:7      | Found a staircase to the Ecumenical Temple.
 15823 | Temple   | Entered the Ecumenical Temple
 15996 | D:8      | Found Ciguv's Antique Weapon Boutique.
 16422 | D:8      | Reached XP level 10. HP: 83/83 MP: 10/10
 16439 | D:8      | Found a shimmering altar of Xom.
 16575 | D:9      | Identified a scroll of acquirement
 16941 | D:9      | Reached skill level 5 in Dodging
 17186 | D:9      | Reached skill level 1 in Shields
 17214 | D:9      | Found a glowing golden altar of the Shining One.
 17270 | D:8      | Reached skill level 2 in Shields
 17594 | D:9      | Found a staircase to the Lair.
 17681 | D:9      | Reached skill level 3 in Shields
 17933 | D:9      | Noticed Pikel
 18057 | D:8      | Killed Pikel
 18057 | D:8      | Reached skill level 4 in Shields
 18251 | D:9      | Found an iron altar of Okawaru.
 18434 | D:9      | Reached skill level 5 in Shields
 19224 | D:9      | Reached skill level 10 in Unarmed Combat
 19544 | D:10     | Entered Level 10 of the Dungeon
 19771 | D:10     | Reached skill level 6 in Dodging
 20111 | D:10     | Noticed a cyclops
 20591 | Lair:1   | Entered Level 1 of the Lair of Beasts
 20663 | Lair:1   | Reached XP level 11. HP: 43/89 MP: 11/11
 20669 | Lair:1   | Reached skill level 7 in Dodging
 20810 | Lair:1   | Found a dark tunnel.
 20821 | Volcano  | Entered a volcano
 20905 | Volcano  | HP: 8/89 [human/mace of flaming (9)]
 20920 | Lair:1   | HP: 7/89 [human/mace of flaming (4)]
 21739 | Lair:1   | Reached skill level 8 in Dodging
 22344 | Lair:1   | Reached skill level 6 in Shields
 22897 | Lair:1   | Reached skill level 7 in Shields
 23644 | Lair:2   | Found a frozen archway.
 23686 | Lair:1   | HP: 5/89 [yak (9)]
 24096 | IceCv    | Entered an ice cave
 26378 | IceCv    | Reached XP level 12. HP: 60/95 MP: 12/12
 26634 | IceCv    | Noticed an ice devil
 26651 | IceCv    | Reached skill level 11 in Unarmed Combat
 26752 | IceCv    | HP: 7/95 [ice devil (3)]
 26821 | IceCv    | HP: 8/95 [blue devil (10)]
 26823 | IceCv    | Mangled by a blue devil

Vanquished Creatures
  Pikel (D:8)
  A toenail golem (Volcano)
  2 ice statues (IceCv)
  A gargoyle (D:10)
  3 spiny frogs
  6 blue devils (IceCv)
  8 blink frogs (Lair:1)
  Sigmund (D:5)
  A wyvern (D:9)
  2 humans
  2 deep elf magi
  17 yaks
  8 wolves (Lair:1)
  A basilisk (Lair:1)
  2 wargs (D:9)
  Menkaure (D:5)
  A hippogriff (Lair:1)
  Edmund (D:6)
  2 water moccasins (Lair:1)
  Duvessa (D:4)
  3 sky beasts
  A wasp (D:9)
  An orc warrior (D:9)
  4 ice beasts
  4 phantoms
  3 slaves (D:8)
  6 ogres
  A big kobold (D:10)
  3 centaurs
  A gnoll sergeant (D:5)
  4 crocodiles
  9 giant frogs
  Dowan (D:4)
  2 scorpions
  A water moccasin skeleton (D:5)
  16 killer bees
  4 wights (D:7)
  3 hounds
  A giant frog zombie (D:7)
  3 crimson imps
  7 orc wizards
  Ijyb (D:3)
  2 jellies (D:7)
  6 orc priests
  2 centaur skeletons
  Jessica (D:3)
  A giant frog skeleton (D:4)
  7 worker ants
  6 iguanas
  A hound skeleton (D:7)
  A worker ant zombie (D:7)
  11 gnolls
  16 adders
  3 river rats (Lair:1)
  A shadow imp (D:7)
  5 white imps (IceCv)
  6 ufetubi (IceCv)
  2 adder zombies
  2 oozes (D:3)
  An adder skeleton (D:4)
  5 worms
  27 orcs
  A ball python (D:4)
  7 bats
  5 giant cockroaches
  11 goblins
  10 hobgoblins
  13 jackals
  7 kobolds
  2 quokkas
  4 giant geckos
  9 giant newts
  4 rats
320 creatures vanquished.

Vanquished Creatures (others)
  5 white imps (IceCv)
  An ufetubus (IceCv)
  3 fungi (Lair:1)
  5 plants
14 creatures vanquished.

Grand Total: 334 creatures vanquished
